 Dungeon Sprint DCSS version 0.19.0-24-gb05acd6 (webtiles) character file.

1325 equalderp2856 the Unseen (level 8, -16/39 HPs)
             Began as a Felid Fighter on Nov 21, 2016.
             Demolished by a spriggan berserker
             ... wielding a +0 hand axe
              (20 damage)
             ... in the Dungeon (Sprint IV: "Fedhas' Mad Dash").
             The game lasted 00:15:37 (2980 turns).

equalderp2856 the Unseen (Felid Fighter)            Turns: 2980, Time: 00:15:38

Health: -16/39     AC:  2    Str: 13    XL:     8   Next: 34%
Magic:  1/17       EV: 27    Int: 11    God:
Gold:   121        SH:  0    Dex: 21    Spells: 4 memorised, 2 levels left
                                        Lives:  0   Deaths: 2

rFire  . . .     SeeInvis +       - Unarmed
rCold  . . .     Gourm    .     (armour unavailable)
rNeg   . . .     Faith    .     (shield unavailable)
rPois  .         Spirit   .     (helmet unavailable)
rElec  .         Reflect  .     (cloak unavailable)
rCorr  .         Harm     .     (gloves unavailable)
MR     +....     NoTele   +     (boots unavailable)
Stlth  ++++++++..               k - amulet of invisibility {+Inv}
                                (no ring)
                                (no ring)

@: slightly contaminated, repel missiles, quick
A: no armour, no weapons or thrown items, stealth, claws 1, fangs 3, see
invisible, agile 2, carnivore 3, speed 1, shaggy fur 2, slow metabolism 1,
MP-powered wands, sharp paws
a: Evoke Invisibility


You were in the Dungeon.
You were not hungry.

You visited 1 branch You collected 163 gold pieces.
You spent 42 gold pieces at shops.

Inventory:

Jewellery
 k - the amulet of invisibility (around neck) {+Inv}
   (You found it in the Dungeon)

   [amulet of nothing]

   It lets you turn invisible.
 l - a +6 ring of strength {unknown}
 n - an uncursed amulet of rage
Scrolls
 g - a scroll of silence {unknown}
 h - a scroll of blinking
Potions
 e - a potion of haste
 f - 2 potions of magic
Books
 c - a book of Minor Magic

   Spells                             Type                      Level
   a - Magic Dart                     Conjuration                  1
   b - Blink                          Translocation                2
   c - Call Imp                       Summoning                    2
   d - Repel Missiles                 Charms/Air                   2
   e - Slow                           Hexes                        2
   f - Conjure Flame                  Conjuration/Fire             3
   g - Mephitic Cloud                 Conjuration/Poison/Air       3
 m - the Almanac of Noxious Transmigration
   (You found it in the Dungeon)

   Spells                             Type                      Level
   a - Mephitic Cloud                 Conjuration/Poison/Air       3
   b - Alistair's Intoxication        Transmutation/Poison         5
   c - Poisonous Cloud                Conjuration/Poison/Air       6
   d - Statue Form                    Transmutation/Earth          6
Comestibles
 b - 2 royal jellies
 i - 3 bread rations


   Skills:
 + Level 6.6 Fighting
 + Level 9.5 Dodging
 * Level 20.6 Stealth
 + Level 12.9 Unarmed Combat
 + Level 1.2 Spellcasting
 + Level 0.1 Conjurations
 + Level 0.2 Charms
 + Level 11.4 Evocations


You had 2 spell levels left.
You knew the following spells:

 Your Spells              Type           Power        Failure   Level  Hunger
a - Blink                 Tloc           N/A          56%         2    ###....
b - Repel Missiles        Chrm/Air       #.....       56%         2    ###....
c - Slow                  Hex            #.......     56%         2    ###....
d - Magic Dart            Conj           #...         34%         1    ##.....


Dungeon Overview and Level Annotations

Branches:
Dungeon (1/1)

Altars:
Cheibriados
Dithmenos
Elyvilon
Gozag
Hepliaklqana
Kikubaaqudgha
Makhleb
Nemelex Xobeh
Okawaru
Qazlal
Ru
Sif Muna
Trog
Uskayaw
Vehumet
Xom
Yredelemnul
Zin
The Shining One
Beogh
Jiyva
Lugonu

Shops:
D ?*([!

Annotations:
D exclusion: 2 oklob plants, Agnes


Innate Abilities, Weirdness & Mutations

You cannot wear armour.
You are incapable of wielding weapons or throwing items.
Your paws allow you to move quietly. (Stealth)
You have sharp claws.
You have razor-sharp teeth.
You have supernaturally acute eyesight. (SInv)
You are carnivorous and can eat meat at any time.
You cover ground quickly.
You are covered in thick fur. (AC +2)
You have a slow metabolism.
Your sharp claws are effective at attacking unaware monsters.
You are very agile. (Dex +4)
You expend magic power (3 MP) to strengthen your wands.


Message History

You flicker back into view.
The spriggan completely misses you. The spriggan berserker misses you.
You open the door.
The spriggan berserker completely misses you.
The spriggan completely misses you. The spriggan rider closely misses you.
Marking area around the oklob plant shifter as unsafe for travelling.
Marking area around the oklob plant meteorologist as unsafe for travelling. 2 oklob plants come into view.
The spriggan berserker completely misses you.
There is an open door here.
Casting: Blink
Confirm with . or Enter, or press ? or * to list all spells.
You blink.
Casting: Blink
Confirm with . or Enter, or press ? or * to list all spells.
You miscast Blink.
Nothing appears to happen.
The spriggan berserker rages.
The spriggan berserker hits you with a hand axe!!
Ouch! That really hurt!
You die...

###############'##.._._._._._
#...♣........'...#.⌠._._._._.
#......♣.....#...############
#.....♣..♣..######♣♣♣♣♣..♣)##
##'####'######..'......♣..♣##
#).#....'.......#♣..♣♣♣.♣).##
#.(#..###.......#.♣♣..♣...♣'.
#############################
*,,,........@.......§..# ##
*∩,,.*.....iii.......P.#####.
*∩,,........i........P....i.§
*∩,,.................P...####
****#######§############## **
#P.........# ***,,*****,
#.......P.P# *,,,,+,,,,,
###.P....### *,,,,*****,
###...## **,,,,* **


You could see Agnes, a spriggan rider, a spriggan berserker (berserk), a
spriggan and a ballistomycete spore (dormant).

Vanquished Creatures
  A spriggan druid (D)
  6 oklob plants (D)
  A demonic crawler (D)
  A queen bee (D)
  3 wandering mushrooms (D)
  3 burning bushes (D)
  2 scorpions (D)
  4 killer bees (D)
  5 oklob saplings (D)
  A worker ant (D)
  4 spriggans (D)
  A river rat (D)
  A rat (D)
  A ballistomycete (D)
  A ballistomycete spore (D)
35 creatures vanquished.

Vanquished Creatures (others)
  A fungus (D)
1 creature vanquished.

Grand Total: 36 creatures vanquished

Notes
Turn   | Place    | Note
-------+----------+-------------------------------------------
     0 | D        | equalderp2856 the Felid Fighter began the quest for the Orb.
     0 | D        | Reached XP level 1. HP: 10/10 MP: 2/2
    21 | D        | Reached skill level 2 in Stealth
    21 | D        | Reached XP level 2. HP: 9/14 MP: 3/3
   143 | D        | Noticed an oklob sapling
   145 | D        | Killed an oklob sapling
   145 | D        | Reached skill level 5 in Dodging
   145 | D        | Reached skill level 3 in Stealth
   145 | D        | Reached XP level 3. HP: 18/18 MP: 4/4
   150 | D        | Reached skill level 4 in Stealth
   177 | D        | Found an opulent altar of Gozag.
   177 | D        | Found a hazy altar of Hepliaklqana.
   177 | D        | Found a burning altar of Makhleb.
   177 | D        | Found a roughly hewn altar of Beogh.
   177 | D        | Found a sparkling altar of Nemelex Xobeh.
   177 | D        | Found a snail-covered altar of Cheibriados.
   177 | D        | Found a sacrificial altar of Ru.
   177 | D        | Found a deep blue altar of Sif Muna.
   177 | D        | Found a shimmering altar of Xom.
   177 | D        | Found a basalt altar of Yredelemnul.
   178 | D        | Found a viscous altar of Jiyva.
   178 | D        | Found a bloodstained altar of Trog.
   178 | D        | Noticed an oklob sapling priest
   179 | D        | Found an iron altar of Okawaru.
   179 | D        | Found a glowing silver altar of Zin.
   179 | D        | Found a shadowy altar of Dithmenos.
   180 | D        | Found a hide-covered altar of Uskayaw.
   180 | D        | Found an ancient bone altar of Kikubaaqudgha.
   181 | D        | Found a stormy altar of Qazlal.
   181 | D        | Found a glowing golden altar of the Shining One.
   181 | D        | Found a white marble altar of Elyvilon.
   182 | D        | Found a radiant altar of Vehumet.
   182 | D        | Found a corrupted altar of Lugonu.
   185 | D        | Killed an oklob sapling priest
   185 | D        | Reached skill level 5 in Stealth
   185 | D        | Reached XP level 4. HP: 22/22 MP: 2/5
   340 | D        | Reached skill level 5 in Fighting
   340 | D        | Reached skill level 6 in Stealth
   340 | D        | Reached skill level 1 in Evocations
   340 | D        | Reached XP level 5. HP: 26/26 MP: 3/6
   512 | D        | HP: 1/26 [spriggan/short sword (8)]
   518 | D        | Reached skill level 7 in Stealth
   804 | D        | Found Foej's Assorted Antiques.
   804 | D        | Found Fimeutuwn's Magic Scroll Emporium.
   859 | D        | Noticed a burning bush
   859 | D        | Noticed a wandering mushroom
   860 | D        | Noticed a wandering mushroom
   863 | D        | Killed a wandering mushroom
   863 | D        | Reached skill level 9 in Stealth
   863 | D        | Reached skill level 10 in Unarmed Combat
   863 | D        | Gained mutation: You are covered in thick fur. (AC +2) [Felid growth]
   863 | D        | Reached XP level 6. HP: 31/31 MP: 5/10
   865 | D        | Killed a wandering mushroom
   865 | D        | Reached skill level 11 in Stealth
   865 | D        | Reached skill level 5 in Evocations
   865 | D        | Reached XP level 7. HP: 35/35 MP: 5/12
   877 | D        | Killed a burning bush
   877 | D        | Reached skill level 12 in Stealth
   990 | D        | Bought a scroll of magic mapping for 42 gold pieces
  1001 | D        | Found Eptadu's Antique Armour Emporium.
  1001 | D        | Found Wida Laure's Antique Weapon Shoppe.
  1338 | D        | Noticed a queen bee
  1345 | D        | Killed a queen bee
  1345 | D        | Reached skill level 13 in Stealth
  1345 | D        | Reached XP level 8. HP: 39/39 MP: 11/14
  1553 | D        | Noticed an oklob plant
  1556 | D        | Killed an oklob plant
  1556 | D        | Reached skill level 15 in Stealth
  1673 | D        | Noticed a burning bush
  1677 | D        | Killed a burning bush
  1688 | D        | Identified the Almanac of Noxious Transmigration
  1714 | D        | Noticed a burning bush
  1714 | D        | Noticed an oklob plant
  1715 | D        | Noticed a wandering mushroom
  1716 | D        | Killed a burning bush
  1716 | D        | Reached skill level 16 in Stealth
  1716 | D        | Reached XP level 9. HP: 42/42 MP: 13/16
  1721 | D        | Killed an oklob plant
  1721 | D        | Reached skill level 17 in Stealth
  1724 | D        | Killed a wandering mushroom
  1829 | D        | Noticed a spriggan druid
  1830 | D        | Killed a spriggan druid
  1830 | D        | Reached skill level 18 in Stealth
  1830 | D        | Reached skill level 10 in Evocations
  2082 | D        | Noticed an oklob plant conjurer
  2084 | D        | Killed an oklob plant conjurer
  2084 | D        | Reached skill level 19 in Stealth
  2097 | D        | Learned a level 2 spell: Blink
  2100 | D        | Learned a level 2 spell: Repel Missiles
  2103 | D        | Learned a level 2 spell: Slow
  2127 | D        | Learned a level 1 spell: Magic Dart
  2611 | D        | Noticed an oklob plant
  2611 | D        | Noticed an oklob plant summoner
  2612 | D        | Noticed an oklob plant shifter
  2616 | D        | Killed an oklob plant
  2616 | D        | Reached XP level 10. HP: 46/46 MP: 15/19
  2618 | D        | Killed an oklob plant summoner
  2621 | D        | Killed an oklob plant shifter
  2621 | D        | Reached skill level 20 in Stealth
  2621 | D        | Reached skill level 1 in Spellcasting
  2732 | D        | Noticed a spriggan rider
  2733 | D        | Found Woderch's Distillery.
  2750 | D        | Mangled by a spriggan rider
  2751 | D        | Reached XP level 9. HP: -13/42 MP: 18/18
  2834 | D        | Noticed Agnes
  2854 | D        | Gained mutation: You are agile. (Dex +2) [potion of mutation]
  2854 | D        | Gained mutation: You are very agile. (Dex +4) [potion of mutation]
  2854 | D        | Gained mutation: You expend magic power (3 MP) to strengthen your wands. [potion of mutation]
  2854 | D        | Demolished by a spriggan rider
  2855 | D        | Reached XP level 8. HP: -20/39 MP: 14/17
  2962 | D        | Noticed a spriggan berserker
  2965 | D        | Noticed a spriggan rider
  2978 | D        | Noticed an oklob plant shifter
  2978 | D        | Noticed an oklob plant meteorologist
  2980 | D        | Demolished by a spriggan berserker

Skill      XL: |  1  2  3  4  5  6  7  8  9 10 |
---------------+-------------------------------+-----
Stealth        | 2 3 5 6 9 11 13 16 19 20 | 20.6
Fighting       | 4 5 6 |  6.6
Dodging        | 5 6 8 9 |  9.5
Unarmed Combat | 6 7 8 10 11 12 | 12.9
Evocations     | 1 4 5 7 8 10 11 | 11.4
Spellcasting   | 1 |  1.2
Conjurations   | |  0.1
Charms         | |  0.2

Action                   |  1- 3 |  4- 6 |  7- 9 | 10-12 || total
-------------------------+-------+-------+-------+-------++-------
Melee: Unarmed           |    12 |    16 |    35 |     9 ||    72
       Bite              |     2 |     1 |     3 |     1 ||     7
       Punch             |       |     2 |     1 |       ||     3
 Cast: Blink             |       |       |     5 |       ||     5
       Magic Dart        |       |       |     1 |       ||     1
       Repel Missiles    |       |       |     1 |       ||     1
 Abil: Evoke Invisibilit |     1 |     4 |    10 |     1 ||    16
  Use: Potion            |       |     3 |     1 |     1 ||     5
       Scroll            |       |       |     4 |       ||     4
 Stab: Sleeping          |     3 |     3 |    15 |     4 ||    25
       Invisible         |       |     1 |       |       ||     1
  Eat: Meat ration       |       |       |     1 |       ||     1
       Royal jelly       |       |       |     1 |       ||     1
Dodge: Dodged            |     5 |    18 |    15 |     5 ||    43
